 Dungeon Crawl Stone Soup version 0.31-a0-795-g5eb97db20b (webtiles) character file.

Game seed: 17345650129404558754

103 quakins the Gusty (level 4, -5/24 HPs)
             Began as a Tengu Air Elementalist on Sept 18, 2023.
             Killed from afar by Ijyb (11 damage)
             ... with a bolt of light
             ... on level 3 of the Dungeon.
             The game lasted 00:04:11 (1734 turns).

quakins the Gusty (Tengu Air Elementalist)          Turns: 1734, Time: 00:04:12

Health: -5/24      AC:  2    Str:  8    XL:     4   Next: 79%
Magic:  2/11       EV: 13    Int: 18    God:
Gold:   73         SH:  0    Dex: 20    Spells: 10/11 levels left

rFire   . . .        i - +1 whip (vamp)
rCold   . . .        (no shield)
rNeg    . . .        a - +0 robe
rPois   .            (helmet restricted)
rElec   .            (no cloak)
rCorr   .            (no gloves)
SInv    .            (boots unavailable)
Will    .....        (no amulet)
Stlth   ++           l - +6 ring of dexterity
HPRegen 0.24/turn    (no ring)
MPRegen 0.12/turn

%: acrobat
@: no status effects
A: beak, talons 3, acrobatic
a: no special abilities


You were on level 3 of the Dungeon.
You visited 1 branch of the dungeon, and saw 3 of its levels.

You collected 73 gold pieces.

Inventory:

Hand Weapons
 i - a +1 vampiric whip (weapon)
Armour
 a - a +0 robe (worn)
Jewellery
 l - a +6 ring of dexterity (left hand)
Scrolls
 d - a scroll of immolation {unknown}
 e - 3 scrolls of identify {unknown}
 f - a scroll of teleportation {unknown}
 g - a scroll of noise {unknown}
 h - a scroll of acquirement {unknown}
 k - a scroll of enchant armour {unknown}
Potions
 b - a potion of magic
 c - a potion of brilliance {unknown}
 j - a potion of curing {unknown}


   Skills:
 - Level 2.1 Dodging
 - Level 2.0 Stealth
 - Level 4.0 Spellcasting
 - Level 1.3 Conjurations
 + Level 5.0 Air Magic


You had 10 spell levels left.
You knew the following spells:

 Your Spells              Type           Power      Damage    Failure   Level
a - Shock                 Conj/Air       60%        1d6       4%          1

Your spell library contained the following spells:

 Spells                   Type           Power      Damage    Failure   Level
 Swiftness                Air            21%        N/A       5%          3
 Static Discharge         Conj/Air       30%        2-4/arc   6%          2
 Momentum Strike          Conj/Tloc      12%        3d8       17%         2
 Airstrike                Air            10%        2d(2-18)  19%         4
 Blink                    Tloc           6%         N/A       22%         2
 Lesser Beckoning         Tloc           6%         N/A       22%         2


Dungeon Overview and Level Annotations

Branches:
Dungeon (3/15)

Altars:
Cheibriados
Makhleb

Annotations:
D:2 1 exclusion, Sigmund
D:3 2 exclusions, Ijyb, Terence


Innate Abilities, Weirdness & Mutations

You have a beak for a mouth.
You have claws for feet.
You can magically evade attacks while moving or waiting.


Message History

The zap misses Ijyb.
Aiming: Shock (safe; 4% risk of failure)
Press: ? - help, Q - select action Shift-Dir - straight line, f/p - Ijyb
Aim: Ijyb, wielding a +0 hand axe, wearing a +0 ring mail of poison resistance and carrying a wand of light (68% to hit)
The zap hits Ijyb but does no damage.
Aiming: Shock (safe; 4% risk of failure)
Press: ? - help, Q - select action Shift-Dir - straight line, f/p - Ijyb
Aim: Ijyb, wielding a +0 hand axe, wearing a +0 ring mail of poison resistance and carrying a wand of light (68% to hit)
The zap hits Ijyb.
Ijyb is moderately wounded.
Aiming: Shock (safe; 4% risk of failure)
Press: ? - help, Q - select action Shift-Dir - straight line, f/p - Ijyb
Aim: Ijyb, wielding a +0 hand axe, wearing a +0 ring mail of poison resistance and carrying a wand of light (moderately wounded, 68% to hit)
The zap hits Ijyb.
Ijyb is heavily wounded.
Aiming: Shock (safe; 4% risk of failure)
Press: ? - help, Q - select action Shift-Dir - straight line, f/p - Ijyb
Aim: Ijyb, wielding a +0 hand axe, wearing a +0 ring mail of poison resistance and carrying a wand of light (heavily wounded, 68% to hit)
The zap hits Ijyb.
Ijyb is heavily wounded.
Ijyb misses you.
Aiming: Shock (safe; 4% risk of failure)
Press: ? - help, Q - select action Shift-Dir - straight line, f/p - Ijyb
Aim: Ijyb, wielding a +0 hand axe, wearing a +0 ring mail of poison resistance and carrying a wand of light (heavily wounded, 68% to hit)
The zap misses Ijyb.
Ijyb hits you with a +0 hand axe.
* * * LOW HITPOINT WARNING * * *
Aiming: Shock (safe; 4% risk of failure)
Press: ? - help, Q - select action Shift-Dir - straight line, f/p - Ijyb
Aim: Ijyb, wielding a +0 hand axe, wearing a +0 ring mail of poison resistance and carrying a wand of light (heavily wounded, 68% to hit)
The zap hits Ijyb.
Ijyb is severely wounded.
Ijyb closely misses you.
Aiming: Shock (safe; 4% risk of failure)
Press: ? - help, Q - select action Shift-Dir - straight line, f/p - Ijyb
Aim: Ijyb, wielding a +0 hand axe, wearing a +0 ring mail of poison resistance and carrying a wand of light (severely wounded, 68% to hit)
The zap hits Ijyb.
Ijyb is severely wounded.
Ijyb zaps a wand.
The bolt of light hits you!
You die...

.. #.#. ..##.... #.# #...
#.###.## #..###..# #.#.....
#...#..)# #########.......
###.#.#.#.#####...............
####...#...........#####..##.....
..........)>......####...## ##..
^................##...###
..............@.#..##
###...#.#.......g.#.##
#....##..........[..#
#.##.##.#..........##
#....))..##..##>....#
...#.###.##...##..#.# #....#
#.##########.. ...#.###.## ...
...#......# ...#


You could see Ijyb.

Vanquished Creatures
  An orc priest (D:2)
  An orc wizard (D:3)
  A worm (D:2)
  A dart slug (D:1)
  7 orcs
  5 ball pythons
  5 bats
  2 endoplasms (D:2)
  2 giant cockroaches
  A goblin (D:1)
  4 hobgoblins
  2 quokkas
  A frilled lizard (D:2)
  4 rats
37 creatures vanquished.

Notes
Turn   | Place    | Note
-------+----------+-------------------------------------------
     0 | D:1      | quakins the Tengu Air Elementalist began the quest for the
                  | Orb.
     0 | D:1      | Reached XP level 1. HP: 10/10 MP: 4/4
   372 | D:1      | Reached XP level 2. HP: 15/15 MP: 4/6
  1033 | D:2      | Reached XP level 3. HP: 19/19 MP: 6/8
  1125 | D:2      | Found a snail-covered altar of Cheibriados.
  1134 | D:2      | Noticed Sigmund
  1148 | D:3      | Noticed Terence
  1148 | D:3      | Noticed Ijyb
  1384 | D:2      | Reached XP level 4. HP: 24/24 MP: 2/11
  1395 | D:3      | Found a burning altar of Makhleb.
  1594 | D:3      | Reached skill level 5 in Air Magic
  1734 | D:3      | Killed from afar by Ijyb

Illustrated notes

Levels and vault maps discovered:
D:1:      dpeg_arrival_brainrot, layout_rooms, minmay_crystal_room,
          moated_statue
D:2:      layout_rooms, basic_altar, shapermc_ecumenical_altar_mp_ritualfount,
          minmay_tromino_i4, uniq_sigmund
D:3:      layout_rooms, amcnicky_altar_gilded, kennysheep_generic_room_11,
          uniq_terence, uniq_ijyb

Skill      XL: |  1  2  3  4 |
---------------+-------------+-----
Spellcasting   | 3 4 |  4.0
Air Magic      | 5 |  5.0
Dodging        | |  2.1
Stealth        | |  2.0
Conjurations   | |  1.3

Action                     |  1- 3 |  4- 6 || total
---------------------------+-------+-------++-------
  Melee: Whip              |     4 |     9 ||    13
         Kick              |     2 |     3 ||     5
         Peck              |     1 |     2 ||     3
   Cast: Shock             |    68 |    31 ||    99
 Armour: Robe              |     5 |     9 ||    14
  Dodge: Dodged            |     6 |    13 ||    19

Table legend: (Time is in decaauts)
 A = Elapsed time spent in this place.
 B = Non-inter-level travel time spent in this place.
 C = Inter-level travel time spent in this place.
 D = Time resting spent in this place.
 E = Time spent auto-exploring this place.
 F = Levels seen in this place.
 G = Mean time per level.
                   A        B        C        D        E       F      G
               +--------+--------+--------+--------+--------+-----+--------+
         Total |   1735 |   1722 |     13 |    257 |   1148 |   3 |  578.3 |
       Dungeon |   1735 |   1722 |     13 |    257 |   1148 |   3 |  578.3 |
               +--------+--------+--------+--------+--------+-----+--------+

Top non-repeatable levels by time:
     D:1: 907 daAuts
     D:2: 487 daAuts
     D:3: 341 daAuts
